 Dungeon Crawl Stone Soup version 0.21.1-1-g345015f (webtiles) character file.

1891 Eizen the Grappler (level 8, -1/75 HPs)
             Began as a Troll Monk on Apr 27, 2018.
             Was an Elder of Nemelex Xobeh.
             Succumbed to bmj180's ghost's poison
             ... on level 7 of the Dungeon.
             The game lasted 00:48:02 (4754 turns).

Eizen the Grappler (Troll Monk)                     Turns: 4754, Time: 00:48:06

Health: -1/75      AC:  5    Str: 29    XL:     8   Next: 93%
Magic:  8/9        EV: 12    Int:  6    God:    Nemelex Xobeh [****..]
Gold:   209        SH:  0    Dex: 12    Spells: 7/7 levels left

rFire    . . .     SeeInvis .     - Unarmed
rCold    . . .     Gourm    +   (no shield)
rNeg     . . .     Faith    .   I - +0 robe
rPois    .         Spirit   .   (helmet restricted)
rElec    .         Reflect  .   (no cloak)
rCorr    .         Harm     .   (gloves unavailable)
MR       .....                  (boots unavailable)
Stlth    ++........             (no amulet)
HPRegen  0.62/turn              (no ring)
MPRegen  0.11/turn              (no ring)

@: mighty, lethally poisoned (-1 -> -30)
A: large, unfitting armour, claws 3, fast metabolism 3, gourmand, regeneration
1, shaggy fur 1, strong 1, tough skin 2, wild magic 1, evolution 1
a: Triple Draw, Deal Four, Renounce Religion


You were on level 7 of the Dungeon.
You worshipped Nemelex Xobeh.
Nemelex Xobeh was greatly pleased with you.
You were very full.

You visited 1 branch of the dungeon, and saw 7 of its levels.

You collected 287 gold pieces.
You spent 78 gold pieces at shops.

Inventory:

Hand Weapons
 i - a +0 hunting sling
 j - a +0 club
 s - a +0 club
 t - a +0 hunting sling
 x - a +4 scythe of slicing
 y - a cursed -1 whip
 E - a +1 war axe of freezing
 O - a cursed -3 dagger
 Z - a +1 trident of distortion
Missiles
 e - 227 stones (quivered)
 q - 77 arrows
 z - a throwing net
Armour
 a - a +0 robe
 A - a +0 robe
 C - a +0 chain mail
 I - a +0 robe (worn)
 N - a +0 robe
Jewellery
 u - an uncursed amulet of guardian spirit {unknown}
Wands
 d - a wand of polymorph (12)
 f - a wand of flame (58)
Scrolls
 c - a scroll of enchant weapon {unknown}
 g - a scroll of teleportation
 h - 2 scrolls of remove curse
 k - a scroll of random uselessness {unknown}
 n - 2 scrolls of fog {unknown}
 o - 2 scrolls of enchant armour {unknown}
 B - a scroll of identify
 L - a scroll of magic mapping
Potions
 W - a potion of mutation
 X - 3 potions of might
Books
 V - a book of Cantrips

   Spells                             Type                      Level
   a - Confusing Touch                Hexes                        1
   b - Animate Skeleton               Necromancy                   1
   c - Summon Small Mammal            Summoning                    1
   d - Apportation                    Translocation                1
Miscellaneous
 r - a plain deck of destruction {drawn: 5}
 v - a plain deck of escape {drawn: 3}
 S - an ornate deck of destruction {drawn: 4}
 T - a plain deck of destruction {drawn: 3}
Comestibles
 b - 14 rations


   Skills:
 + Level 3.1 Fighting
 + Level 0.8 Throwing
 + Level 5.2 Dodging
 + Level 2.8 Stealth
 + Level 8.4 Unarmed Combat
 + Level 2.9 Invocations
 + Level 1.0 Evocations


You had 7 spell levels left.
You didn't know any spells.

Dungeon Overview and Level Annotations

Branches:
Dungeon (6/15)
 Temple: D:4-7

Altars:
Nemelex Xobeh
Qazlal
Ru
Vehumet
Xom

Shops:
D:5 *

Annotations:
D:6 Mirai's ghost, novice KoEn


Innate Abilities, Weirdness & Mutations

You are too large for most types of armour.
You have claws for hands.
Your metabolism is lightning-fast.
You like to eat raw meat.
Your natural rate of healing is unusually fast.
You are covered in fur. (AC +1)
You have very tough skin. (AC +2)
Your muscles are strong. (Str +2)
Your spells are a little harder to cast, but a little more powerful.
You evolve.


Message History

* * * LOW HITPOINT WARNING * * *
You claw bmj180's ghost! Your claw misses bmj180's ghost.
Bmj180's ghost is almost destroyed.
* * * LOW HITPOINT WARNING * * *
You feel very sick.
You miss bmj180's ghost.
Bmj180's ghost is almost destroyed.
* * * LOW HITPOINT WARNING * * *
You feel very sick. Bmj180's ghost hits you.
* * * LOW HITPOINT WARNING * * *
Unknown command.
You mangle bmj180's ghost!!
You destroy bmj180's ghost!
Your Fighting skill increases to level 3!
Your Dodging skill increases to level 5!
Your Unarmed Combat skill increases to level 8!
Your Evocations skill increases to level 1!
You die...
Your body glows with a rainbow of weird colours and disappears.

#.# #.# #####.#
###.. ..#
#.....#.##
#.....#..######.
#......?........
#[@.......
##.####### #.#
#[# ..# ###


There were no monsters in sight!

Vanquished Creatures
  The ghost of bmj180 the Slicer, a novice HaFi of Okawaru (D:7)
  A rime drake (D:5)
  Sigmund (D:5)
  The ghost of Mirai the Sneak, an amateur KoEn (D:4)
  An ogre (D:6)
  2 bullfrog zombies (D:5)
  A howler monkey (D:5)
  A jelly (D:6)
  2 hounds
  2 orc wizards
  A worker ant (D:6)
  7 gnolls
  An ooze (D:3)
  An adder skeleton (D:4)
  2 worms (D:2)
  4 dart slugs
  4 leopard geckos
  6 orcs
  2 ball pythons
  8 bats
  5 giant cockroaches
  9 goblins
  8 hobgoblins
  9 jackals
  A quokka (D:3)
  2 frilled lizards
  9 kobolds
  2 quokka zombies (D:5)
  12 rats
  5 fungi (D:1)
111 creatures vanquished.

Vanquished Creatures (collateral kills)
  The ghost of Eltigrechino the Magician, a novice DEFE (D:5)
  A fire bat (D:4)
  An ogre (D:4)
  A jelly (D:5)
  4 jackals
8 creatures vanquished.

Vanquished Creatures (others)
  A crimson imp (D:5)
  A dart slug (D:5)
2 creatures vanquished.

Grand Total: 121 creatures vanquished

Notes
Turn   | Place    | Note
-------+----------+-------------------------------------------
     0 | D:1      | Eizen the Troll Monk began the quest for the Orb.
     0 | D:1      | Reached XP level 1. HP: 22/22 MP: 0/0
   170 | D:1      | Reached XP level 2. HP: 25/29 MP: 1/1
   434 | D:1      | Reached XP level 3. HP: 34/36 MP: 2/2
   735 | D:2      | Reached XP level 4. HP: 19/44 MP: 3/3
   817 | D:2      | Reached skill level 4 in Unarmed Combat
  1288 | D:2      | Reached XP level 5. HP: 50/50 MP: 4/4
  1330 | D:2      | Found a sparkling altar of Nemelex Xobeh.
  1349 | D:2      | Found a stormy altar of Qazlal.
  1353 | D:2      | Found a sacrificial altar of Ru.
  1353 | D:2      | Found a radiant altar of Vehumet.
  1432 | D:2      | Became a worshipper of Nemelex Xobeh the Trickster
  1432 | D:2      | Received a gift from Nemelex Xobeh
  1432 | D:2      | Reached * piety under Nemelex Xobeh
  1432 | D:2      | Received a gift from Nemelex Xobeh
  1432 | D:2      | Reached ** piety under Nemelex Xobeh
  2149 | D:3      | Received a gift from Nemelex Xobeh
  2713 | D:4      | Found a shimmering altar of Xom.
  2747 | D:4      | Received a gift from Nemelex Xobeh
  2751 | D:4      | Noticed an ogre
  2756 | D:4      | Killed an ogre
  2756 | D:4      | Reached skill level 5 in Unarmed Combat
  2756 | D:4      | Reached XP level 6. HP: 59/59 MP: 5/5
  2940 | D:4      | Reached *** piety under Nemelex Xobeh
  2966 | D:4      | Noticed Mirai's ghost (amateur KoEn)
  2980 | D:4      | Noticed a wyvern
  2989 | D:4      | Killed Mirai's ghost
  2996 | D:4      | Noticed a fire bat
  2996 | D:4      | an ogre changed into a fire bat
  2999 | D:4      | Killed a fire bat
  3519 | D:5      | Entered Level 5 of the Dungeon
  3592 | D:5      | Received a gift from Nemelex Xobeh
  3613 | D:5      | Reached skill level 1 in Invocations
  3616 | D:5      | Reached XP level 7. HP: 64/66 MP: 6/6
  3782 | D:5      | Noticed Eltigrechino's ghost (novice DEFE)
  3782 | D:5      | Reached skill level 6 in Unarmed Combat
  3813 | D:5      | Killed Eltigrechino's ghost
  3903 | D:5      | Received a gift from Nemelex Xobeh
  3980 | D:5      | Found Qaeleak's Assorted Antiques.
  4051 | D:5      | Bought a golden potion for 25 gold pieces
  4051 | D:5      | Bought a golden potion for 25 gold pieces
  4051 | D:5      | Bought a scroll labeled TYERREABOCS for 28 gold pieces
  4082 | D:5      | Noticed Sigmund
  4122 | D:5      | Killed Sigmund
  4385 | D:5      | Noticed a rime drake
  4385 | D:5      | an ogre changed into a rime drake
  4393 | D:5      | Killed a rime drake
  4393 | D:5      | Reached skill level 7 in Unarmed Combat
  4393 | D:5      | Reached XP level 8. HP: 43/74 MP: 8/8
  4554 | D:6      | Noticed Mirai's ghost (novice KoEn)
  4581 | D:6      | You fall through a shaft!
  4581 | D:7      | Reached **** piety under Nemelex Xobeh
  4584 | D:7      | HP: 3/74 [poisoned by Mirai's ghost]
  4585 | D:7      | Gained mutation: Your spells are a little harder to cast, but a little more powerful. [potion of mutation]
  4585 | D:7      | Gained mutation: You evolve. [potion of mutation]
  4585 | D:7      | Gained mutation: Your muscles are strong. (Str +2) [potion of mutation]
  4739 | D:7      | Noticed bmj180's ghost (novice HaFi)
  4753 | D:7      | HP: 1/74 [bmj180's ghost (6)]
  4754 | D:7      | Killed bmj180's ghost
  4754 | D:7      | Reached skill level 5 in Dodging
  4754 | D:7      | Reached skill level 8 in Unarmed Combat
  4754 | D:7      | Reached skill level 1 in Evocations
  4754 | D:7      | Succumbed to bmj180's ghost's poison

Skill      XL: |  1  2  3  4  5  6  7  8 |
---------------+-------------------------+-----
Dodging        | 3 4 5 |  5.2
Unarmed Combat | 4 5 7 8 |  8.4
Stealth        | 2 |  2.8
Invocations    | 1 2 |  2.9
Fighting       | 3 |  3.1
Evocations     | 1 |  1.0
Throwing       | |  0.8

Action                   |  1- 3 |  4- 6 |  7- 9 || total
-------------------------+-------+-------+-------++-------
Melee: Unarmed           |   129 |   133 |    58 ||   320
       Punch             |     1 |       |       ||     1
Throw: Stone             |    14 |    10 |       ||    24
Evoke: Deck              |       |    15 |    10 ||    25
       Wand              |       |       |     8 ||     8
  Use: Scroll            |       |     2 |     3 ||     5
       Potion            |       |       |    13 ||    13
 Stab: Sleeping          |     2 |     4 |     1 ||     7
  Eat: Chunk             |     5 |    21 |    15 ||    41
       Ration            |       |     2 |       ||     2
Armor: Robe              |    70 |    55 |    18 ||   143
Dodge: Dodged            |    97 |   103 |    27 ||   227
